 Dungeon Crawl Stone Soup version 0.29-a0-617-g7a6b98fccd (webtiles) character file.

Game seed: 15283859565734930086

103537 croobank the Warrior (level 15, -1/147 HPs)
             Began as a Minotaur Berserker on June 17, 2022.
             Was the Champion of Trog.
             Slain by an orc knight
             ... wielding a +0 glaive
              (32 damage)
             ... on level 1 of the Orcish Mines.
             The game lasted 01:42:09 (27289 turns).

croobank the Warrior (Minotaur Berserker)          Turns: 27289, Time: 01:42:09

Health: -1/147     AC: 44    Str: 25    XL:     15   Next: 89%
Magic:  14/14      EV: 11    Int:  7    God:    Trog [******]
Gold:   1358       SH:  8    Dex: 14    Spells: 14/14 levels left

rFire   + . .      SeeInvis .   e - +8 eveningstar (flame)
rCold   . . .      Faith    .   q - +0 buckler
rNeg    . . .      Spirit   .   a - +8 orange crystal plate armour {Archmagi, Int+3 Clar}
rPois   .          Reflect  +   f - +2 hat {Will+}
rElec   .          Harm     .   (no cloak)
rCorr   .          Rampage  .   g - +1 pair of gloves
Will    ++++.      Archmagi +   I - +1 pair of boots
Stlth   .......... Clarity  +   U - amulet of reflection
HPRegen 1.34/turn               c - +4 ring of protection
MPRegen 0.14/turn               l - ring of protection from fire

@: strong-willed, regenerating
A: horns 2, retaliatory headbutt, berserk 2
a: Renounce Religion, Berserk, Trog's Hand, Brothers in Arms


You were on level 1 of the Orcish Mines.
You worshipped Trog.
Trog was exalted by your worship.
You visited 3 branches of the dungeon, and saw 23 of its levels.
You also visited: Bailey and Ice Cave.

You collected 1590 gold pieces.
You spent 232 gold pieces at shops.

Inventory:

Hand Weapons
 b - a +0 hunting sling of flaming
 e - a +8 eveningstar of flaming (weapon)
 m - the +6 giant spiked club of Popular Demand {freeze, *Rage Str+5}
   (You took it off an ogre on level 7 of the Dungeon)

   It freezes those it strikes, dealing additional cold damage.
   It can also slow down cold-blooded creatures.
   Str:       It affects your strength (+5).
   *Rage:     It berserks you when you make melee attacks (+20% chance).
 u - a +4 scimitar of flaming
 H - the +10 whip of the Green God {vamp, Stlth+}
   (You found it on level 8 of the Dungeon)

   It occasionally heals its wielder for a portion of the damage dealt when it
   wounds a living foe.
   Stlth:     It makes you more stealthy.
 N - a +1 broad axe of protection
 P - the +6 dagger of Heuwelus {freeze, rF+ Str+4}
   (You found it on level 9 of the Dungeon)

   It freezes those it strikes, dealing additional cold damage.
   It can also slow down cold-blooded creatures.
   Str:       It affects your strength (+4).
   rF:        It protects you from fire.
 S - a +7 battleaxe of venom
 V - a +3 vorpal executioner's axe
Missiles
 i - 6 silver boomerangs
 t - 4 atropa-tipped darts
 w - 3 boomerangs of dispersal
 A - 6 throwing nets (quivered)
 C - 11 curare-tipped darts
Armour
 a - the +8 orange crystal plate armour (worn) {Archmagi, Int+3 Clar}
   (You acquired it on level 5 of the Lair of Beasts)

   Int:       It affects your intelligence (+3).
   Clar:      It protects you against confusion.
 f - a +2 hat of willpower (worn)
 g - a +1 pair of gloves (worn)
 o - a +0 tower shield
 q - a +0 buckler (worn)
 I - a +1 pair of boots (worn)
Jewellery
 c - a +4 ring of protection (left hand)
 j - a +6 ring of dexterity
 l - a ring of protection from fire (right hand)
 B - a ring of poison resistance
 G - a ring of willpower
 R - a ring of ice
 U - an amulet of reflection (around neck)
 W - a ring of resist corrosion
 Y - a ring of see invisible
Wands
 n - a wand of iceblast (6)
 D - a wand of digging (7)
 K - a wand of flame (5)
Scrolls
 x - a scroll of identify
 y - a scroll of poison
 E - a scroll of summoning
 F - 3 scrolls of blinking
 M - 13 scrolls of teleportation
 Q - 2 scrolls of fog
 X - 2 scrolls of fear
Potions
 d - 2 potions of ambrosia
 h - 3 potions of invisibility
 k - 8 potions of magic
 p - 4 potions of flight
 r - 2 potions of might
 s - 7 potions of curing
 v - a potion of berserk rage
 z - 3 potions of heal wounds
 J - 3 potions of haste
 L - 3 potions of attraction {unknown}
 O - 3 potions of cancellation
 T - 3 potions of resistance {unknown}
Miscellaneous
 Z - a phantom mirror


   Skills:
 + Level 17.1 Fighting
 - Level 15.6(16.9) Axes
 * Level 10.6(14.4) Maces & Flails
 + Level 17.0 Armour
 + Level 15.7 Dodging


You had 14 spell levels left.
You didn't know any spells.
Your spell library was empty.

Dungeon Overview and Level Annotations

Branches:
Dungeon (15/15)            Temple (0/1) D:5            Lair (6/6) D:10
 Shoals (0/4) Lair:3        Snake (0/4) Lair:4        Slime (0/5) Lair:6
    Orc (2/2) D:9          Vaults (0/5) D:14         Depths (0/4) D:15
 Bailey (visited)           IceCv (visited)
    Elf: Orc:2

Altars:
Ashenzari
Dithmenos
Elyvilon
Fedhas
Gozag
Kikubaaqudgha
Makhleb
Okawaru
Ru
Trog
Xom
Yredelemnul

Shops:
D:1 *   D:10 [   D:11 (:   D:14 [   Orc:1 *

Annotations:
D:14 3 runed translucent doors, Karianen's ghost, adept KoBr
D:15 2 transporters, Kyghewu's ghost, adept GrFi


Innate Abilities, Weirdness & Mutations

You have a pair of horns on your head.
You reflexively headbutt those who attack you in melee.
You often lose your temper in combat.


Message History

You kill the orc priest!
Trog accepts your kill.
The orc warrior hits you with a +0 mace!
You thump the orc warrior! You burn the orc warrior.
Your headbutt misses the orc warrior.
The orc warrior is heavily wounded.
The orc warrior hits you but does no damage.
You completely miss the orc warrior.
The orc warrior is heavily wounded.
The orc warrior hits you but does no damage.
The orc warrior hits you with a +0 mace!
You block the orc warrior's attack.
You closely miss the orc warrior.
The orc warrior hits you from afar with a +0 glaive!
The orc warrior hits you but does no damage.
The orc warrior shoots a bolt.
The bolt barely misses you.
The orc knight unwields a +0 arbalest.
The orc knight wields a +0 glaive.
The orc knight hits you with a +0 glaive!!
* * * LOW HITPOINT WARNING * * *
The orc warrior unwields a +0 arbalest.
The orc warrior wields a +0 great mace.
You block the orc warrior's attack.
The orc knight shoots a bolt.
The bolt hits you but does no damage. The orc warrior barely misses you.
The orc warrior hits you but does no damage.
The orc warrior closely misses you. You furiously retaliate!
You headbutt the orc warrior!
The orc warrior shoots a bolt.
The bolt hits you but does no damage.
You climb upwards.
There is a stone staircase leading down, spattered with blood here.
Your skin crawls.
You feel strong-willed.
The orc knight hits you with a +0 glaive!
* * * LOW HITPOINT WARNING * * *
The orc warrior hits you with a +0 great mace!!
* * * LOW HITPOINT WARNING * * *
The orc warrior hits you but does no damage.
You block the orc warrior's attack.
You feel much better.
The orc warrior no longer looks unusually strong.
The orc knight hits you with a +0 glaive!!
You die...

##..#..........#
####........#########
##...<...# ##..#.#
####.....####.....###
##.#.....####........##
##..........#..........##
##................##.....#
##......##o)o......#......##
#.......###@o.....###......#
##.##....##o)......##.....##
####.............##.....##
#........##.....#)...##
####......##....)).^..#
#.....####.##))....# #....##
###...PPP.# ##...#
##...P∩..# ##### ##.....P..#


You could see an orc knight (strong) and 3 orc warriors.

Vanquished Creatures
  Gastronok (Lair:2)
  Snorg (Lair:6)
  An ettin (Orc:1)
  A fire dragon (Lair:6)
  Harold (D:10)
  12 hydras
  A rakshasa (D:15)
  4 boulder beetles
  A great orb of eyes (D:15)
  3 centaur warriors
  Erica (D:8)
  5 two-headed ogres
  4 death yaks
  Urug (Lair:3)
  Sonja (Lair:1)
  Nergalle (D:11)
  A goliath frog (shapeshifter) (D:14)
  A deep troll (D:14)
  4 lindwurms
  Pikel (D:9)
  The ghost of SirDiesAlot the Thaumaturge, a novice DECj (D:7)
  A wizard (D:15)
  A harpy (shapeshifter) (D:14)
  An orc knight (D:15)
  An orc sorcerer (Orc:2)
  10 ugly things
  3 oklob plants (Lair:1)
  6 cyclopes
  A faun (shapeshifter) (D:13)
  A moth of wrath (D:13)
  6 manticores
  11 elephants
  3 ice statues (IceCv)
  9 black mambas
  A black mamba (shapeshifter) (D:14)
  A cane toad (shapeshifter) (D:15)
  A torpor snail (Lair:5)
  3 molten gargoyles (Lair:6)
  An unseen horror (D:10)
  9 cane toads
  7 rime drakes
  3 kobold demonologists
  2 gargoyles
  3 yaktaurs (D:15)
  A tengu conjurer (D:15)
  A freezing wraith (IceCv)
  23 komodo dragons
  An efreet (D:15)
  6 meliai
  A queen bee (Lair:3)
  5 polar bears
  5 trolls
  3 merfolk (Lair:3)
  A wolf spider simulacrum (D:14)
  2 tyrant leeches (D:13)
  13 slime creatures
  A hornet (Lair:5)
  A tarantella (shapeshifter) (D:14)
  Prince Ribbit (D:9)
  8 blink frogs
  A jumping spider (D:8)
  3 vampires
  A dire elephant simulacrum (IceCv)
  Grum (D:8)
  3 wraiths
  11 wyverns
  2 shadows
  8 basilisks
  3 steam dragons
  56 yaks
  A redback (D:8)
  15 vampire mosquitoes
  4 swamp worms (D:13)
  7 wargs
  2 harpy simulacra (IceCv)
  An acid dragon (D:12)
  21 water moccasins
  5 hell hounds (Lair:6)
  23 orc warriors
  A swamp drake (shapeshifter) (D:15)
  2 black bears
  A sky beast (D:6)
  7 ogres
  11 centaurs
  3 ice beasts
  38 wolves
  4 lemures (D:9)
  A phantom (D:6)
  10 kobold brigands
  13 bullfrogs
  A necrophage (D:5)
  2 gnoll sergeants
  2 cane toad simulacra (IceCv)
  8 wights
  An elephant simulacrum (IceCv)
  41 killer bees
  9 howler monkeys
  8 lava snakes
  5 jellies
  2 hounds
  10 orc priests
  2 gnoll shamans
  2 iguanas (D:5)
  A hell rat (Lair:3)
  13 orc wizards
  A polar bear simulacrum (IceCv)
  2 wolf simulacra (IceCv)
  15 gnolls
  9 adders
  A river rat (Lair:3)
  A shadow imp (D:6)
  3 white imps
  An ufetubus (D:7)
  3 worms
  A dart slug (D:2)
  54 orcs
  3 endoplasms (D:1)
  5 giant cockroaches
  8 goblins
  7 hobgoblins
  5 quokkas
  4 ball pythons
  8 bats
  3 frilled lizards
  41 kobolds
  5 rats
751 creatures vanquished.

Vanquished Creatures (collateral kills)
  A water moccasin (Lair:3)
1 creature vanquished.

Vanquished Creatures (others)
  An orc (Orc:2)
  31 fungi
  48 plants
80 creatures vanquished.

Grand Total: 832 creatures vanquished

Notes
Turn   | Place    | Note
-------+----------+-------------------------------------------
     0 | D:1      | croobank the Minotaur Berserker began the quest for the
                  | Orb.
     0 | D:1      | Reached XP level 1. HP: 19/19 MP: 0/0
   203 | D:1      | Reached XP level 2. HP: 23/27 MP: 1/1
   430 | D:1      | Found Yjeshavul's General Store.
   439 | D:1      | Bought a scroll of identify for 22 gold pieces
   700 | D:1      | Found a faded altar of an unknown god.
   876 | D:1      | Reached XP level 3. HP: 33/33 MP: 2/2
  1298 | D:2      | Reached ** piety under Trog
  1306 | D:2      | Reached XP level 4. HP: 34/40 MP: 3/3
  1998 | D:3      | Noticed an ogre
  2008 | D:3      | Killed an ogre
  2009 | D:3      | Reached XP level 5. HP: 46/47 MP: 4/4
  2072 | D:3      | Reached skill level 5 in Axes
  2132 | D:3      | Found a burning altar of Makhleb.
  2357 | D:4      | You fall into a shaft and drop 1 floor!
  2357 | D:5      | Entered Level 5 of the Dungeon
  2388 | D:5      | Reached skill level 5 in Fighting
  2597 | D:5      | Reached XP level 6. HP: 53/56 MP: 5/5
  3102 | D:5      | Reached *** piety under Trog
  3256 | D:5      | Found a staircase to the Ecumenical Temple.
  3297 | D:5      | Reached skill level 5 in Armour
  3297 | D:5      | Reached XP level 7. HP: 62/62 MP: 6/6
  4052 | D:6      | Reached skill level 5 in Dodging
  4407 | D:6      | Reached XP level 8. HP: 62/71 MP: 7/7
  5159 | D:6      | Reached **** piety under Trog
  5331 | D:6      | Found a blossoming altar of Fedhas.
  5720 | D:7      | Found a transporter.
  5722 | D:7      | Noticed SirDiesAlot's ghost (novice DECj)
  5722 | D:7      | Identified the +6 giant spiked club of Popular Demand
                  | {freeze, *Rage Str+5}
  5819 | D:7      | Found an opulent altar of Gozag.
  5819 | D:7      | Found an ancient bone altar of Kikubaaqudgha.
  5819 | D:7      | Found a sacrificial altar of Ru.
  5819 | D:7      | Found a shadowy altar of Dithmenos.
  5829 | D:7      | Reached XP level 9. HP: 81/81 MP: 8/8
  6580 | D:8      | Noticed Erica
  6587 | D:8      | Killed Erica
  6734 | D:8      | Noticed Grum
  6765 | D:8      | Killed Grum
  6769 | D:8      | Reached XP level 10. HP: 61/91 MP: 9/9
  7340 | D:8      | Identified the +10 whip of the Green God {vamp, Stlth+}
  7347 | D:8      | Found a runed translucent door.
  7630 | D:8      | Found a runed translucent gate.
  7630 | D:8      | Found a runed translucent gate.
  7630 | D:8      | Found a runed translucent gate.
  7630 | D:8      | Found a runed translucent gate.
  7630 | D:8      | Found a runed translucent gate.
  7630 | D:8      | Found a runed translucent gate.
  7630 | D:8      | Noticed a boulder beetle
  7630 | D:8      | Noticed a lindwurm
  7762 | D:9      | Found a flagged portal.
  7784 | Bailey   | Entered a bailey
  7812 | Bailey   | Noticed an orc warlord
  7894 | Bailey   | Reached skill level 10 in Axes
  7898 | Bailey   | Reached skill level 10 in Fighting
  7988 | Bailey   | Found a runed translucent gate.
  7991 | Bailey   | Found a runed translucent gate.
  7992 | Bailey   | Found a runed translucent gate.
  8376 | D:9      | Found a staircase to the Orcish Mines.
  8586 | D:9      | Found a white marble altar of Elyvilon.
  8707 | D:9      | Identified the +1 ring mail of Fedhas's Respect {rCorr
                  | Dex+6}
  8743 | D:9      | Noticed Prince Ribbit
  8754 | D:9      | Killed Prince Ribbit
  8755 | D:9      | Reached skill level 10 in Armour
  8998 | D:9      | Identified the +6 dagger of Heuwelus {freeze, rF+ Str+4}
  9142 | D:9      | Found a basalt altar of Yredelemnul.
  9198 | D:9      | Noticed Pikel
  9231 | D:9      | Killed Pikel
  9353 | D:9      | Noticed a sun demon
  9740 | D:9      | Reached XP level 11. HP: 91/101 MP: 10/10
  9998 | D:10     | Entered Level 10 of the Dungeon
 10016 | D:10     | Found a staircase to the Lair.
 10392 | D:10     | Noticed Harold
 10411 | D:10     | Killed Harold
 10412 | D:10     | Reached skill level 10 in Dodging
 10920 | D:10     | Found Leqiwec's Armour Emporium.
 11001 | D:10     | Found a bloodstained altar of Trog.
 11002 | D:10     | Found an iron altar of Okawaru.
 11273 | D:11     | Noticed a two-headed ogre
 11282 | D:11     | Killed a two-headed ogre
 11500 | D:11     | Found Annilut's Antique Weapon Emporium.
 11580 | D:11     | Found Pempae's Book Boutique.
 12015 | D:11     | Noticed Nergalle
 12033 | D:11     | Killed Nergalle
 12038 | D:11     | Reached ***** piety under Trog
 12348 | Lair:1   | Entered Level 1 of the Lair of Beasts
 12412 | Lair:1   | Noticed Sonja
 12413 | Lair:1   | Noticed a six-headed hydra
 12429 | Lair:1   | Killed Sonja
 12430 | Lair:1   | Reached XP level 12. HP: 45/112 MP: 11/11
 12430 | Lair:1   | Killed a two-headed hydra
 13075 | Lair:1   | Noticed a five-headed hydra
 13087 | Lair:1   | Killed a one-headed hydra
 13636 | Lair:2   | Noticed Gastronok
 13677 | Lair:2   | Killed Gastronok
 13742 | Lair:2   | Noticed a four-headed hydra
 13756 | Lair:2   | Killed a one-headed hydra
 13919 | Lair:2   | You fall into a shaft and drop 1 floor!
 14101 | Lair:3   | Noticed a seven-headed hydra
 14110 | Lair:3   | Killed a two-headed hydra
 14111 | Lair:3   | Reached XP level 13. HP: 81/123 MP: 12/12
 14337 | Lair:3   | Noticed Urug
 14350 | Lair:3   | Killed Urug
 15229 | Lair:3   | Found a staircase to the Shoals.
 15670 | Lair:4   | Received a gift from Trog
 15683 | Lair:4   | Reached ****** piety under Trog
 15929 | Lair:4   | Found a staircase to the Snake Pit.
 15930 | Lair:4   | Upgraded the game from 0.29-a0-613-gf2c431b9b9 to
                  | 0.29-a0-617-g7a6b98fccd
 16674 | Lair:5   | Reached skill level 15 in Fighting
 16674 | Lair:5   | Reached skill level 15 in Axes
 16708 | Lair:5   | Reached XP level 14. HP: 125/135 MP: 13/13
 16800 | Lair:5   | Reached skill level 15 in Armour
 17014 | Lair:5   | Acquired the +8 orange crystal plate armour {Archmagi,
                  | Int+3 Clar}
 17014 | Lair:5   | Found the +8 orange crystal plate armour {Archmagi, Int+3
                  | Clar}
 17586 | Lair:6   | Entered Level 6 of the Lair of Beasts
 17586 | Lair:6   | Noticed Snorg
 17603 | Lair:6   | Killed Snorg
 18361 | Lair:6   | Reached skill level 1 in Maces & Flails
 18728 | Lair:6   | Found a staircase to the Slime Pits.
 19059 | Lair:6   | Received a gift from Trog
 19657 | Lair:6   | Reached skill level 5 in Maces & Flails
 20001 | Lair:6   | Found a large runed translucent door.
 20002 | Lair:6   | Found a large runed translucent door.
 21623 | D:13     | Reached XP level 15. HP: 130/144 MP: 14/14
 21638 | D:13     | Received a gift from Trog
 21889 | D:13     | Reached skill level 15 in Dodging
 21901 | D:13     | Found a frozen archway.
 21912 | IceCv    | Entered an ice cave
 24102 | D:14     | Received a gift from Trog
 24340 | D:14     | Found a runed translucent gate.
 24340 | D:14     | Found a runed translucent gate.
 24340 | D:14     | Found a runed translucent gate.
 24345 | D:14     | Noticed Karianen's ghost (adept KoBr)
 24529 | D:14     | Found a gate to the Vaults.
 24624 | D:14     | Found Fyffut's Antique Armour Boutique.
 24633 | D:14     | Bought a pair of glowing gloves for 210 gold pieces
 24750 | D:14     | Found a shimmering altar of Xom.
 24752 | D:14     | Found a basalt altar of Yredelemnul.
 24752 | D:14     | Found a broken altar of Ashenzari.
 24754 | D:14     | Found a bloodstained altar of Trog.
 24754 | D:14     | Found a broken altar of Ashenzari.
 24754 | D:14     | Found a shimmering altar of Xom.
 24851 | D:15     | Entered Level 15 of the Dungeon
 24852 | D:15     | Found a transporter.
 24864 | D:15     | Noticed Kyghewu's ghost (adept GrFi)
 24867 | D:15     | Gained mutation: You expend magic power (3 MP) to
                  | strengthen your wands. [potion of mutation]
 24867 | D:15     | Gained mutation: You are dopey. (Int -2) [potion of
                  | mutation]
 24867 | D:15     | Gained mutation: You are clumsy. (Dex -2) [potion of
                  | mutation]
 24867 | D:15     | Gained mutation: You have sharp fingernails. [potion of
                  | mutation]
 24868 | D:15     | Lost mutation: You are dopey. (Int -2) [potion of mutation]
 24868 | D:15     | Lost mutation: You have sharp fingernails. [potion of
                  | mutation]
 24868 | D:15     | Gained mutation: You tend to lose your temper in combat.
                  | [potion of mutation]
 24868 | D:15     | Gained mutation: You are robust. (+10% HP) [potion of
                  | mutation]
 24868 | D:15     | Gained mutation: You are strong-willed. (Will+) [potion of
                  | mutation]
 24869 | D:15     | Lost mutation: You are clumsy. (Dex -2) [potion of
                  | mutation]
 24869 | D:15     | Lost mutation: You are strong-willed. (Will+) [potion of
                  | mutation]
 24869 | D:15     | Gained mutation: You sometimes lose the ability to read
                  | scrolls when taking damage. [potion of mutation]
 24870 | D:15     | Lost mutation: You sometimes lose the ability to read
                  | scrolls when taking damage. [potion of mutation]
 24870 | D:15     | Lost mutation: You expend magic power (3 MP) to strengthen
                  | your wands. [potion of mutation]
 24870 | D:15     | Gained mutation: Your spells are a little harder to cast,
                  | but a little more powerful. [potion of mutation]
 24937 | D:15     | Found a shadowy altar of Dithmenos.
 25603 | D:15     | Found a transporter.
 26096 | D:15     | Found a staircase to the Depths.
 26145 | D:15     | Reached skill level 10 in Maces & Flails
 26594 | D:7      | Found a transporter.
 26606 | D:7      | Killed SirDiesAlot's ghost
 26614 | D:7      | Lost mutation: You are robust. (+10% HP) [potion of
                  | mutation]
 26614 | D:7      | Lost mutation: Your spells are a little harder to cast, but
                  | a little more powerful. [potion of mutation]
 26614 | D:7      | Gained mutation: Your flesh is heat resistant. (rF+)
                  | [potion of mutation]
 26614 | D:7      | Lost mutation: Your flesh is heat resistant. (rF+) [potion
                  | of mutation]
 26614 | D:7      | Gained mutation: You often lose your temper in combat.
                  | [potion of mutation]
 26927 | Orc:1    | Entered Level 1 of the Orcish Mines
 26981 | Orc:1    | Found Defoizep's Assorted Antiques.
 27075 | Orc:2    | Entered Level 2 of the Orcish Mines
 27097 | Orc:2    | Paralysed by an orc sorcerer for 3 turns
 27289 | Orc:1    | Slain by an orc knight

Illustrated notes

Levels and vault maps discovered:
D:1:      wheals_arrival_linesprint, layout_loops_ring,
          shapermc_ecumenical_altar_flowoftime, serial_shops, shop
D:2:      layout_rooms, serial_glass, glass_columns_a, glass_columns_a,
          hangedman_decor_clover_reticule
D:3:      layout_basic, lightli_temple_of_fire
D:4:      layout_cave_pools
D:5:      layout_basic, minmay_temple_entry_wispy
D:6:      cheibrodos_thug_alley, layout_gridville, kennysheep_mini
D:7:      layout_loops_cross, grunt_temple_overflow_cloverleaf,
          gammafunk_ghost_smash
D:8:      gammafunk_indiana_jones, layout_basic, uniq_grum, uniq_erica
D:9:      layout_grid_maze, kennysheep_ying_yang, minmay_orc_entry_guard_dogs,
          enter_bailey_2, uniq_prince_ribbit1, uniq_pikel
D:10:     layout_grid_maze, grunt_temple_overflow_bloody_war,
          david_lair_shrubbed, serial_shops, shop, uniq_harold
D:11:     layout_gridville, serial_shops, shop, nicolae_shop_trees,
          lemuel_nasty_fountain, uniq_nergalle
D:12:     layout_stronghold, hangedman_abyss_or_decor_lesser_grid
D:13:     layout_layer_cave, portal_ice_cave_entry_pillars_2, worms_lemuel
D:14:     layout_cave_pools, david_vaults_4, doesnt_xom_only_xom, serial_shops,
          nicolae_lakefront_shop, gammafunk_ghost_necromancy
D:15:     gammafunk_enter_depths_forms, layout_stronghold,
          gauntlet_entry_generic, nicolae_dithmenos_the_darkroom,
          gammafunk_ghost_berserking_beasts, serial_column_ruins,
          column_ruins_corridor_straight, column_ruins_corridor_corner,
          column_ruins_corridor_straight, column_ruins_open_small,
          column_ruins_columns_dead_end, column_ruins_grid_3
Lair:1:   dpeg_oklob_gauntlet, layout_regular_city, grunt_megastairs_5,
          uniq_sonja
Lair:2:   layout_loops_ring, nicolae_quartered_pool_medium, st_stairs_9,
          uniq_gastronok
Lair:3:   regret_index_tunnel_blossom, layout_cave_pods,
          elwin_shoals_entry_rooms, grunt_megastairs_2, uniq_urug
Lair:4:   layout_regular_city, minmay_snake_entry_six_corridors,
          beast_lair_carwin_10
Lair:5:   layout_roguey, grunt_forest_stairs_basic
Lair:6:   cheibrodos_lair_end_hotspot, layout_regular_city,
          minmay_slime_entry_pillars, uniq_snorg
Orc:1:    layout_diamond_mine, serial_shops, nicolae_shop_overgrown_old_shop,
          hangedman_minor_magic
Orc:2:    st_orc_rangers, layout_caves

Skill      XL: |  1  2  3  4  5  6  7  8  9 10 11 12 13 14 15 |
---------------+----------------------------------------------+-----
Axes           | 4 5 6 7 9 10 12 13 15 | 15.6
Fighting       | 4 5 6 7 9 10 12 13 15 16 17 | 17.1
Armour         | 3 4 5 6 7 9 10 12 13 14 16 17 | 17.0
Dodging        | 3 4 5 6 8 9 11 12 13 14 15 | 15.7
Maces & Flails | 6 10 | 10.6

Action                   |  1- 3 |  4- 6 |  7- 9 | 10-12 | 13-15 || total
-------------------------+-------+-------+-------+-------+-------++-------
Melee: Hand axe          |    66 |   100 |   289 |    17 |       ||   472
       Headbutt          |     9 |    17 |    41 |   178 |   313 ||   558
       Whip              |       |       |       |   635 |       ||   635
       Dagger            |       |       |       |    25 |       ||    25
       Scimitar          |       |       |       |    49 |    11 ||    60
       Broad axe         |       |       |       |    15 |   130 ||   145
       Eveningstar       |       |       |       |       |  1081 ||  1081
 Fire: Hunting sling     |     3 |     3 |    21 |       |       ||    27
Throw: Stone             |       |       |       |     1 |       ||     1
       Throwing net      |       |       |       |     2 |     2 ||     4
       Dart              |       |       |       |     1 |       ||     1
Invok: Berserk           |       |       |     1 |     4 |       ||     5
       Trog's Hand       |       |       |       |     4 |     1 ||     5
Evoke: Wand              |       |       |       |    13 |    10 ||    23
  Use: Scroll            |     1 |     8 |     6 |    13 |    15 ||    43
       Potion            |       |     4 |       |     1 |     8 ||    13
 Stab: Sleeping          |       |       |       |     9 |     2 ||    11
       Distracted        |       |       |       |     1 |     1 ||     2
       Paralysed         |       |       |       |     2 |     4 ||     6
       Held in net/web   |       |       |       |       |     1 ||     1
       Invisible         |       |       |       |       |     7 ||     7
Armor: Animal skin       |    25 |     1 |       |       |       ||    26
       Ring mail         |       |    32 |   118 |    90 |       ||   240
       Skin              |       |       |       |    35 |       ||    35
       Troll leather arm |       |       |       |    77 |    93 ||   170
       Crystal plate arm |       |       |       |       |   711 ||   711
Dodge: Dodged            |    52 |    66 |   155 |   489 |   818 ||  1580
Block: Buckler           |       |     8 |    41 |   256 |   662 ||   967
       Reflection        |       |       |       |     3 |    38 ||    41

Table legend: (Time is in decaauts)
 A = Elapsed time spent in this place.
 B = Non-inter-level travel time spent in this place.
 C = Inter-level travel time spent in this place.
 D = Time resting spent in this place.
 E = Time spent auto-exploring this place.
 F = Levels seen in this place.
 G = Mean time per level.
                   A        B        C        D        E       F      G
               +--------+--------+--------+--------+--------+-----+--------+
         Total |  27273 |  25842 |   1431 |   3907 |  16383 |  25 | 1090.9 |
       Dungeon |  17555 |  16476 |   1079 |   1637 |  11816 |  15 | 1170.3 |
          Lair |   8259 |   7919 |    340 |   1662 |   4321 |   6 | 1376.5 |
  Orcish Mines |    353 |    341 |     12 |     90 |    105 |   2 |  176.5 |
        Bailey |    489 |    489 |      0 |    100 |    138 |   1 |  489.0 |
      Ice Cave |    615 |    615 |      0 |    418 |      1 |   1 |  615.0 |
               +--------+--------+--------+--------+--------+-----+--------+

Top non-repeatable levels by time:
  Lair:6: 2887 daAuts
     D:9: 1873 daAuts
  Lair:3: 1744 daAuts
     D:5: 1691 daAuts
     D:6: 1593 daAuts
    D:15: 1550 daAuts
    D:13: 1465 daAuts
    D:10: 1440 daAuts
     D:8: 1382 daAuts
     D:1: 1245 daAuts
  Lair:1: 1228 daAuts
    D:14: 1199 daAuts
  Lair:4: 1093 daAuts
     D:7: 1044 daAuts
    D:12: 1002 daAuts
